 Dungeon Crawl Stone Soup version 0.30-a0-782-ge64f9170bb (webtiles) character file.

Game seed: 6214624160440824372

1036409 Armakuni the Swordmaster (level 27, -3/224 HPs)
             Began as a Human Monk on Feb 19, 2023.
             Was a High Priest of the Shining One.
             Killed from afar by a Brimstone Fiend (35 damage)
             ... with damnation
             ... on level 7 of Gehenna on Mar 4, 2023.
             The game lasted 05:28:59 (60230 turns).

Armakuni the Swordmaster (Human Monk)              Turns: 60230, Time: 05:28:59

Health: -3/224     AC: 43    Str: 21    XL:     27
Magic:  5/40       EV: 38    Int: 14    God:    the Shining One [*****.]
Gold:   4771       SH: 29    Dex: 33    Spells: 33/46 levels left

rFire   + + +      SeeInvis .    a - +9 eudemon blade (holy)
rCold   + + +      Faith    .    h - +3 buckler {rC+ rF+}
rNeg    + + +      Spirit   .    U - +4 pearl dragon scales
rPois   +          Reflect  .    n - +1 helmet "Fatroas" {rPois rC+ rCorr Str+2}
rElec   .          Harm     .    Z - +0 cloak of Wiwij {rF+ rC+}
rCorr   +          Rampage  .    V - +1 pair of gloves of Gozag's Grace {Regen+ Int+2 Stlth+}
Will    +++..      Clarity  +    m - +2 pair of boots
Stlth   +                        R - amulet of the Four Interlopers {*Slow Regen+ Dex+5}
HPRegen 2.17/turn                A - ring of the Tortoise {AC+8}
MPRegen 0.27/turn                G - ring "Pefufrig" {rF+ rN+ rCorr Str+3 Dex+4}

@: divinely shielded, weakened, glowing, studying 4 skills, unable to read
A: talons 1, clarity, frail 1, strong-willed 1
}: 12/15 runes: decaying, slimy, silver, icy, bone, abyssal, demonic, glowing,
magical, fiery, dark, gossamer
a: Renounce Religion, Divine Shield, Cleansing Flame, Summon Divine Warrior


You were on level 7 of Gehenna.
You worshipped the Shining One.
The Shining One was extremely pleased with you.
You visited 15 branches of the dungeon, and saw 73 of its levels.
You visited Pandemonium 3 times, and saw 19 of its levels.
You visited the Abyss 3 times.
You visited 2 bazaars.
You also visited: Trove, Bailey, Gauntlet, Ice Cave and Wizlab.

You collected 11678 gold pieces.
You spent 6907 gold pieces at shops.

Inventory:

Hand Weapons
 a - a +9 eudemon blade of holy wrath (weapon)
 b - a +9 double sword of electrocution
Missiles
 y - 9 throwing nets (quivered)
Armour
 h - a +3 buckler of resistance (worn)
 m - a +2 pair of boots (worn)
 n - the +1 helmet "Fatroas" (worn) {rPois rC+ rCorr Str+2}
   (You found it on level 10 of the Dungeon)

   Str:       It affects your strength (+2).
   rC:        It protects you from cold.
   rPois:     It protects you from poison.
   rCorr:     It protects you from acid and corrosion.
 U - +4 pearl dragon scales (worn)
 V - the +1 pair of gloves of Gozag's Grace (worn) {Regen+ Int+2 Stlth+}
   (You found it on level 5 of the Vaults)

   Int:       It affects your intelligence (+2).
   Regen:     It increases your rate of health regeneration.
   Stlth:     It makes you more stealthy.
 Z - the +0 cloak of Wiwij (worn) {rF+ rC+}
   (You found it in Pandemonium)

   rF:        It protects you from fire.
   rC:        It protects you from cold.
Jewellery
 A - the ring of the Tortoise (left hand) {AC+8}
   (You bought it in a shop on level 2 of the Orcish Mines)

   [ring of protection]

   AC:        It affects your AC (+8).
 G - the ring "Pefufrig" (right hand) {rF+ rN+ rCorr Str+3 Dex+4}
   (You found it on level 3 of the Crypt)

   [ring of positive energy]

   Str:       It affects your strength (+3).
   Dex:       It affects your dexterity (+4).
   rF:        It protects you from fire.
   rN:        It protects you from negative energy.
   rCorr:     It protects you from acid and corrosion.
 R - the amulet of the Four Interlopers (around neck) {*Slow Regen+ Dex+5}
   (You found it in a bailey)

   [amulet of regeneration]

   Dex:       It affects your dexterity (+5).
   Regen:     It increases your rate of health regeneration.
   *Slow:     It may slow you when you take damage.
 W - a ring of willpower
Wands
 c - a wand of charming (9)
 f - a wand of mindburst (6)
 j - a wand of iceblast (10)
 k - a wand of digging (14)
 v - a wand of flame (62)
 P - a wand of polymorph (22)
Scrolls
 e - 16 scrolls of fear
 o - 4 scrolls of amnesia
 q - 18 scrolls of teleportation
 r - 14 scrolls of fog
 E - a scroll of magic mapping
 F - 2 scrolls of brand weapon
 I - a scroll of summoning
 N - 2 scrolls of poison
 O - 7 scrolls of noise
 Q - 5 scrolls of silence
 X - 5 scrolls of immolation
Potions
 d - 2 potions of might
 g - 6 potions of magic
 i - 5 potions of haste
 s - 3 potions of ambrosia
 u - 13 potions of mutation
 w - a potion of resistance
 z - 26 potions of curing
 B - 6 potions of lignification
 C - 5 potions of flight
 K - 4 potions of invisibility
 L - 7 potions of heal wounds
Miscellaneous
 l - a lightning rod (4/4)
 p - a box of beasts
 t - a tin of tremorstones (2/2)
 x - a piece from Xom's chessboard (15/15)
 S - a phantom mirror


   Skills:
 O Level 27 Fighting
 O Level 27 Long Blades
 + Level 20.9 Armour
 O Level 27 Dodging
 - Level 2.0 Stealth
 - Level 8.0 Shields
 - Level 10.0 Spellcasting
 - Level 12.0 Translocations
 - Level 4.0 Transmutations
 - Level 4.0 Earth Magic
 O Level 27 Invocations
 - Level 20.5 Evocations


You had 33 spell levels left.
You knew the following spells:

 Your Spells              Type           Power      Damage    Failure   Level
b - Blink                 Tloc           80%        N/A       1%          2
l - Lesser Beckoning      Tloc           80%        N/A       1%          2
o - Teleport Other        Tloc           40%        N/A       1%          3
p - Portal Projectile     Hex/Tloc       46%        N/A       7%          3
w - Passwall              Tmut/Erth      15%        N/A       8%          2
z - Apportation           Tloc           80%        N/A       1%          1

Your spell library contained the following spells:

 Spells                   Type           Power      Damage    Failure   Level
 Gell's Gravitas          Tloc           40%        N/A       1%          3
 Manifold Assault         Tloc           40%        N/A       1%          4
 Passage of Golubria      Tloc           40%        N/A       1%          4
 Momentum Strike          Conj/Tloc      46%        3d9       3%          2
 Beastly Appendage        Tmut           36%        N/A       4%          1
 Sandblast                Erth           36%        2d10      4%          1
 Sting                    Tmut/Pois      48%        1d5       12%         1
 Kindle Blastsparks       Fire/Tloc/Air  36%        2d13      16%         3
 Iskenderun's Mystic Bla  Conj/Tloc      23%        2d6       22%         4
 Foxfire                  Conj/Fire      28%        2x1d5     26%         1
 Necrotise                Necr           28%        1d5       26%         1
 Shock                    Conj/Air       28%        1d4       26%         1
 Summon Small Mammal      Summ           28%        N/A       26%         1
 Dispersal                Tloc           20%        N/A       28%         6
 Spider Form              Tmut/Pois      12%        N/A       34%         3
 Stone Arrow              Conj/Erth      24%        3d8       34%         3
 Ensorcelled Hibernation  Hex/Ice        14%        N/A       36%         2
 Scorch                   Fire           14%        2d5       36%         2
 Sublimation of Blood     Necr           7%         N/A       36%         2
 Ignite Poison            Fire/Tmut/Pois 10%        N/A       43%         3
 Petrify                  Tmut/Erth      18%        N/A       45%         4
 Dazzling Flash           Conj/Hex       14%        N/A       61%         3
 Frozen Ramparts          Ice            14%        1d3       61%         3
 Hailstorm                Conj/Ice       7%         3d4       61%         3
 Inner Flame              Hex/Fire       7%         N/A       61%         3
 Ozocubu's Armour         Ice            7%         N/A       61%         3
 Swiftness                Air            7%         N/A       61%         3
 Tukima's Dance           Hex            7%         N/A       61%         3
 Animate Armour           Summ/Erth      24%        N/A       75%         4
 Ice Form                 Ice/Tmut       12%        N/A       75%         4
 Leda's Liquefaction      Hex/Erth       6%         N/A       75%         4
 Blade Hands              Tmut           9%         N/A       80%         5
 Lee's Rapid Deconstruct  Erth           9%         3d7*      80%         5
 Airstrike                Air            3%         2d(1-17)  95%         4
 Anguish                  Hex/Necr       3%         N/A       95%         4
 Cause Fear               Hex            3%         N/A       95%         4
 Flame Wave               Conj/Fire      7%         2d5       95%         4
 Fulminant Prism          Conj/Hex       3%         3d5       95%         4
 Sticky Flame             Conj/Fire      7%         2d3       95%         4
 Summon Ice Beast         Ice/Summ       7%         N/A       95%         4
 Summon Lightning Spire   Summ/Air       7%         N/A       95%         4
 Alistair's Intoxication  Tmut/Pois      8%         N/A       97%         5
 Irradiate                Conj/Tmut      6%         3d13      97%         5
 Arcjolt                  Conj/Air       3%         1d13      100%        5
 Fireball                 Conj/Fire      3%         3d4       100%        5
 Freezing Cloud           Conj/Ice/Air   3%         6-21      100%        5
 Iskenderun's Battlesphe  Conj           7%         2d6       100%        5
 Lightning Bolt           Conj/Air       3%         1d15      100%        5
 Silence                  Hex/Air        3%         N/A       100%        5
 Conjure Ball Lightning   Conj/Air       3%         3x3d6     100%        6
 Eringya's Noxious Bog    Tmut/Pois      6%         N/A       100%        6
 Iron Shot                Conj/Erth      6%         9d2       100%        6
 Simulacrum               Ice/Necr       3%         N/A       100%        6
 Starburst                Conj/Fire      3%         6d3       100%        6
 Statue Form              Tmut/Erth      12%        N/A       100%        6
 Dragon Form              Tmut           9%         N/A       100%        7
 Enfeeble                 Hex            3%         N/A       100%        7
 Orb of Destruction       Conj           3%         9d5       100%        7
 Ozocubu's Refrigeration  Ice            3%         4d8       100%        7
 Spellforged Servitor     Conj/Summ      3%         N/A       100%        7
 Storm Form               Tmut/Air       6%         N/A       100%        7
 Summon Hydra             Summ           3%         N/A       100%        7
 Discord                  Hex            3%         N/A       100%        8
 Disjunction              Tloc           20%        N/A       100%        8
 Ignition                 Fire           3%         3d4       100%        8
 Lehudib's Crystal Spear  Conj/Erth      6%         10d3      100%        8
 Necromutation            Tmut/Necr      6%         N/A       100%        8
 Chain Lightning          Conj/Air       3%         3d4       100%        9
 Dragon's Call            Summ           3%         N/A       100%        9
 Fire Storm               Conj/Fire      3%         8d1       100%        9
 Shatter                  Erth           9%         3d11*     100%        9


Dungeon Overview and Level Annotations

Branches:
Dungeon (15/15)            Temple (1/1) D:5            Lair (5/5) D:11
  Swamp (4/4) Lair:3       Spider (4/4) Lair:2        Slime (5/5) Lair:5
    Orc (2/2) D:9             Elf (3/3) Orc:2        Vaults (5/5) D:14
  Crypt (3/3) Vaults:3       Tomb (0/3) Crypt:3      Depths (4/4) D:15
   Hell (visited)             Geh (7/7) Hell            Coc (7/7) Hell
    Tar (7/7) Hell            Zot (0/5) Depths:4     Bailey (visited)
  IceCv (visited)          WizLab (visited)         Gauntlet (visited)
    Dis: Hell:1

Altars:
Ashenzari
Cheibriados
Dithmenos
Elyvilon
Fedhas
Gozag
Hepliaklqana
Kikubaaqudgha
Makhleb
Nemelex Xobeh
Okawaru
Qazlal
Ru
Sif Muna
Trog
Uskayaw
Vehumet
Wu Jian
Xom
Yredelemnul
Zin
The Shining One
Jiyva

Shops:
D:7 ([![   D:8 :   D:10 *   Orc:2 (*([:*=(   Vaults:2 [   Depths:4 (::=

Portals:
Hell: Depths:2 Depths:3 Depths:4
Abyss: Depths:3
Pandemonium: Depths:2 Depths:4
Ziggurat: Depths:2


Innate Abilities, Weirdness & Mutations

You have sharp toenails.
You possess an exceptional clarity of mind.
You are frail. (-10% HP)
You are strong-willed. (Will+)


Message History

The molten gargoyle is heavily damaged.
Activating: Cleansing Flame (0% risk of failure)
Press: ? - help, Dir - look around, f - activate The golden flame engulfs you but does no damage.
You resist.
The golden flame engulfs the molten gargoyle!!!!
You destroy the molten gargoyle!
The golden flame engulfs the Brimstone Fiend!!!!
The Brimstone Fiend writhes in agony!
The Brimstone Fiend is severely wounded.
You hear a trumpeting!
The Brimstone Fiend gestures at you.
The sphere of damnation explodes!
The damnation engulfs you!!! The Brimstone Fiend gestures at you.
The sphere of damnation explodes!
The damnation engulfs you!!!
* * * LOW HITPOINT WARNING * * *
The damnation engulfs the Brimstone Fiend.
The Brimstone Fiend completely resists.
The damnation engulfs the Brimstone Fiend.
The Brimstone Fiend completely resists.
The Brimstone Fiend completely misses you.
You block the Brimstone Fiend's attack. x2
Things that are here:
a +0 morningstar; a +0 mace Activating: Cleansing Flame (0% risk of failure)
Press: ? - help, Dir - look around, f - activate The golden flame engulfs you but does no damage.
You resist.
The golden flame engulfs the Brimstone Fiend!
The Brimstone Fiend writhes in agony!
The Brimstone Fiend is almost dead.
The golden flame engulfs the Brimstone Fiend!!!
The Brimstone Fiend writhes in agony!
The Brimstone Fiend is heavily wounded.
You hear a trumpeting!
You block the Brimstone Fiend's attack. The Brimstone Fiend misses you.
The Brimstone Fiend completely misses you.
The Brimstone Fiend gestures at you.
The sphere of damnation explodes!
The damnation engulfs you!!
You die...

. #......#..##...+..#..'.
#.##........'..#.###.##'#
..'........##...'..#..'.
##..#......#...##..†.#.
#.........###'###....##
##........# ≈§≈ ##''### ≈
##.#)#.###≈≈§§≈§§§§≈§#
≈≈≈ ###)### §≈§≈≈≈≈§≈§§§≈
§≈≈§#)))@1#§≈§≈≈≈≈≈≈§§§v§
§§§≈'.#)#1'§§≈≈≈2§§≈≈§§§≈
≈≈≈≈#.)..†#§§≈§≈§§§§§§§§≈
≈§≈ ##)#†## ≈≈§≈§≈≈≈≈§≈§≈
§≈ ###.).### §v§§≈##≈≈§≈≈
§ #.......#≈≈§§≈≈
§≈≈'..#.#..+≈≈≈≈§≈
§§§'.#.).#.+≈≈§§≈≈
≈≈≈#.......#≈≈§§≈≈


You could see 2 Brimstone Fiends and a fire vortex.

Vanquished Creatures
  Cerebov (Pan)
  Antaeus (Coc:7)
  the Royal Jelly (Slime:5)
  Ignacio (Pan)
  Ereshkigal (Tar:7)
  Gloorx Vloq (Pan)
  A seraph (Pan)
  Mnoleg (Pan)
  3 ancient liches
  5 dread liches
  Mennas (Vaults:4)
  Boris (Vaults:5)
  Margery (Vaults:4)
  9 shard shrikes (Coc:7)
  A curse toe (Crypt:3)
  Vv (Depths:2)
  Frederick (Vaults:4)
  A caustic shrike (Depths:3)
  5 golden dragons
  Geryon (Hell)
  Jory (Vaults:4)
  5 profane servitors
  Arachne (Spider:2)
  A pearl dragon (Pan)
  3 spectral shard shrikes
  5 pandemonium lords (Pan)
  The ghost of Sulomox the Black Belt, an adept OpTm of Ru (Depths:4)
  13 Brimstone Fiends
  26 bone dragons
  15 doom hounds
  16 Tzitzimimeh
  Zenata (Vaults:4)
  7 tentacled monstrosities
  7 liches
  Rupert (D:14)
  11 Ice Fiends
  11 hellephants
  Mlioglotl (Spider:4)
  2 Hell Sentinels (Pan)
  A walking earthen tome (Depths:3)
  12 tainted leviathans
  3 deep elf blademasters
  2 walking divine tomes
  7 titans
  A moon troll (WizLab)
  A quicksilver dragon (Vaults:5)
  18 searing wretches
  3 deep elf master archers (Elf:3)
  6 sphinxes
  10 ancient champions
  18 Executioners
  14 acid blobs
  Agnes (Elf:2)
  18 tentacled starspawn
  5 storm dragons
  Kirke (D:11)
  2 thorn hunters
  5 revenants
  7 narguns (Coc:7)
  Roxanne (Elf:1)
  A daeva (Pan)
  6 shadow dragons
  A fenstrider witch (Swamp:1)
  10 azure jellies
  8 tengu reavers
  16 fire giants
  7 rockslimes
  31 balrugs
  6 demonspawn warmongers (Pan)
  2 iron dragons
  16 frost giants
  21 vault wardens
  9 deep elf sorcerers
  2 ghost moths
  Aizul (Vaults:1)
  Louise (Lair:3)
  5 emperor scorpions
  An orc warlord (Orc:2)
  6 curse skulls
  2 draconian shifters
  15 cacodemons
  A spectral juggernaut (Tar:6)
  A draconian stormcaller (Depths:4)
  15 ironbound preservers
  14 angels (Pan)
  A draconian annihilator (Pan)
  9 ophanim (Pan)
  5 shard shrike simulacra
  8 deep elf elementalists (Elf:3)
  19 reapers
  3 demonspawn corrupters (Pan)
  5 broodmothers
  4 ghouls
  7 quicksilver oozes (Slime:5)
  26 very ugly things
  A juggernaut skeleton (Pan)
  6 war gargoyles
  5 eleionomae (Swamp:4)
  24 stone giants
  9 ironbound thunderhulks
  3 demonspawn blood saints (Pan)
  13 putrid mouths
  2 caustic shrike skeletons
  29 elemental wellsprings
  10 apis (Pan)
  The ghost of Cushusko the Imperceptible, a journeyman SpEn of Dithmenos (Elf:1)
  7 deep elf demonologists
  Azrael (Orc:2)
  5 demonspawn black suns (Pan)
  6 lorocyprocas
  17 dire elephants
  8 vampire knights
  A bunyip (Swamp:4)
  A minotaur (Gauntlet)
  16 wendigos
  12 eidola
  3 green draconians (Depths:4)
  15 deep elf annihilators
  2 red draconians (Depths:4)
  2 white draconians
  5 spark wasps
  9 ettins
  A spectral quicksilver dragon (Tar:5)
  A purple draconian (Abyss:3)
  13 green deaths (Pan)
  Snorg (D:10)
  5 blizzard demons
  3 crystal guardians
  A mummy priest (Crypt:3)
  10 deep elf death magi
  13 yaktaur captains
  7 deep elf high priests
  2 spectral spriggans (Tar:3)
  6 jiangshi
  20 great orbs of eyes
  8 fire dragons
  11 entropy weavers
  The ghost of qborf the Cleaver, a journeyman AtFi of Okawaru (D:10)
  15 ice dragons
  A shambling mangrove (Swamp:4)
  38 vault guards
  4 spriggan zombies
  Erolcha (Orc:2)
  5 rakshasas
  15 hydras
  7 juggernaut simulacra
  A hell beast (Pan)
  Fannar (D:12)
  8 caustic shrike simulacra
  5 peacekeepers
  3 spriggan air magi
  The ghost of DavidChitty2 the Grappler, a novice TrGl of Okawaru (D:9)
  3 catoblepae
  A fenstrider witch zombie (Crypt:1)
  17 salamander tyrants
  2 spriggan skeletons
  10 two-headed ogres
  3 jorogumos
  5 alligators
  An ogre mage (D:15)
  12 centaur warriors
  A fenstrider witch skeleton (Crypt:3)
  8 stokers
  6 death knights
  9 death scarabs (Spider:4)
  39 hell hogs
  12 ironbound frosthearts
  A naga warrior (Abyss:3)
  29 dancing weapons
  7 tengu warriors
  5 boulder beetles
  The ghost of kae the Transmogrifier, a novice NaTm of Cheibriados (D:10)
  5 deep troll shamans
  10 death yaks
  8 deep troll earth magi
  A thrashing horror (Abyss:3)
  29 hell knights
  2 spectral nagas
  6 vampire magi
  An orc high priest (Vaults:2)
  9 spriggan berserkers
  20 soul eaters
  3 wretched stars
  22 sun demons
  2 titan skeletons
  19 deep elf knights
  3 iron trolls
  11 goliath frogs
  4 sun moths
  15 sixfirhies
  2 skysharks
  4 pharaoh ants
  22 skeletal warriors
  2 golden dragon zombies (Depths:2)
  A spectral anaconda (Tar:3)
  A storm dragon skeleton (Pan)
  3 shadow demons (Pan)
  18 shadow wraiths
  3 quicksilver dragon simulacra
  7 flayed ghosts
  11 cherubim (Pan)
  3 spriggan druids
  5 spriggan simulacra
  55 deep trolls
  An anaconda zombie (Crypt:2)
  8 bog bodies
  17 glowing orange brains
  9 orb spiders
  A bunyip skeleton (Pan)
  A spectral hydra (Tar:3)
  A swamp dragon (shapeshifter) (D:15)
  24 deep elf archers
  A kraken simulacrum (Hell)
  14 ironbound convokers
  13 wizards
  14 phantasmal warriors
  A golden dragon skeleton (Depths:2)
  3 spectral wolf spiders (Spider:4)
  23 lindwurms
  7 steelbarb worms
  2 obsidian statues (Depths:3)
  A broodmother zombie (Spider:4)
  A jorogumo zombie (Crypt:2)
  14 swamp dragons
  16 necromancers
  2 orange crystal statues
  A lindwurm (shapeshifter) (D:9)
  9 orc knights
  A tengu skeleton (Depths:2)
  31 deep elf pyromancers
  A spectral ettin (Tar:3)
  6 orc sorcerers
  9 starcursed masses
  34 deep elf zephyrmancers
  24 wolf spiders
  2 shining eyes
  A mana viper (shapeshifter) (Vaults:5)
  5 will-o-the-wisps
  A salamander (shapeshifter) (Vaults:4)
  30 ugly things
  6 moths of wrath
  2 iron dragon skeletons (Pan)
  4 cyclopes
  2 dire elephant zombies
  14 elephants
  A cyclops (shapeshifter) (D:13)
  3 centaur zombies
  3 manticores
  2 titan simulacra
  Joseph (D:8)
  A guardian serpent (Abyss:3)
  7 rust devils
  6 torpor snails
  6 black mambas
  A fire giant skeleton (Depths:2)
  A guardian serpent (shapeshifter) (Depths:3)
  8 eyes of devastation
  6 cane toads
  30 smoke demons
  11 molten gargoyles (Geh:7)
  19 vault sentinels
  15 orange demons
  A centaur skeleton (Hell)
  An eye of devastation (shapeshifter) (Vaults:5)
  A dire elephant skeleton (Pan)
  A rime drake (shapeshifter) (Depths:3)
  4 unseen horrors
  18 demonic crawlers
  14 hellions
  2 sea snake zombies (Hell)
  48 yaktaurs
  A komodo dragon (shapeshifter) (D:9)
  A red draconian zombie (Crypt:1)
  A spectral redback (Spider:4)
  12 freezing wraiths
  A storm dragon simulacrum (Hell)
  7 komodo dragons
  6 kobold demonologists
  An efreet (Pan)
  5 anaconda simulacra
  A bunyip simulacrum (Coc:1)
  12 swamp worm zombies (Crypt:1)
  A redback zombie (Spider:4)
  11 rime drakes
  A golden dragon simulacrum (Coc:7)
  6 guardian mummies (Crypt:3)
  21 tormentors
  An iron troll zombie (Crypt:2)
  7 ancient zymes
  2 iron giant simulacra
  7 red devils
  A spectral harpy (Tar:1)
  5 ice devils
  12 polar bears
  A spectral jumping spider (Spider:4)
  6 trolls
  A hydra zombie (Hell)
  A green draconian skeleton (Crypt:1)
  19 hornets
  2 silent spectres
  4 tengu conjurers
  12 hellwings
  2 meliai (shapeshifter)
  3 meliai (Spider:4)
  7 tyrant leeches
  A bloated husk (Swamp:3)
  2 spectral tarantellas (Spider:4)
  3 raiju (Abyss:3)
  A tarantella (shapeshifter) (D:13)
  38 tarantellas
  14 blink frogs
  A fire dragon zombie (Crypt:2)
  A jumping spider zombie (Spider:4)
  2 harpy skeletons
  A spectral culicivora (Spider:4)
  3 tarantella zombies (Spider:4)
  3 dream sheep (shapeshifter)
  2 iron dragon simulacra (Coc:7)
  3 stone giant simulacra
  3 dream sheep (Lair:3)
  An alligator skeleton (Hell)
  2 flying skulls
  A culicivora (shapeshifter) (D:13)
  28 culicivoras
  72 slime creatures
  A guardian serpent skeleton (Crypt:3)
  16 ynoxinuls
  2 air elementals
  11 wraiths
  50 yaks
  3 water elementals
  30 jumping spiders
  2 shadows
  A fire dragon skeleton (Crypt:1)
  7 basilisks
  A wyvern (D:8)
  3 fire bats (Orc:2)
  21 spriggans
  4 dire elephant simulacra
  2 black mamba skeletons
  A naga simulacrum (Coc:5)
  21 small abominations
  3 hogs (D:11)
  16 humans
  11 chaos spawn
  6 fire elementals
  4 golden eyes (Abyss:3)
  Grum (Bailey)
  A redback (shapeshifter) (Vaults:4)
  2 sea snake simulacra (Hell)
  53 redbacks
  18 vampire mosquitoes
  15 swamp worms
  A fire bat zombie (Crypt:3)
  An acid dragon (D:13)
  12 neqoxecs
  4 wargs
  5 harpy simulacra
  2 wargs (shapeshifter)
  A glowing shapeshifter zombie (Depths:2)
  A merfolk zombie (Crypt:1)
  3 nagas (Abyss:3)
  3 floating eyes
  11 water moccasins
  2 glowing shapeshifter skeletons
  A hell hound (Orc:2)
  2 cane toad zombies
  2 hydra simulacra
  8 swamp drakes (Swamp:4)
  8 black bears
  47 orc warriors
  An ice dragon simulacrum (Coc:1)
  42 large abominations
  A lindwurm zombie (Crypt:2)
  2 ice beasts (D:8)
  2 alligator simulacra (Hell)
  A sky beast (D:7)
  2 ettin simulacra
  3 boggarts (Lair:5)
  30 wolves
  5 ogres
  2 phantoms
  7 centaurs
  2 kobold brigands
  5 bullfrogs
  3 necrophages
  3 earth elementals
  6 gnoll sergeants (Bailey)
  A scorpion (D:5)
  A yaktaur skeleton (Crypt:2)
  10 wights
  A troll zombie (Crypt:2)
  A raiju zombie (Crypt:2)
  10 killer bees
  5 electric eels
  2 raiju skeletons (Crypt:1)
  3 howler monkeys
  A shapeshifter skeleton (Crypt:2)
  A yak skeleton (Crypt:3)
  8 crimson imps (Pan)
  3 quasits (Abyss:3)
  5 hounds
  23 orc priests
  2 jellies
  6 gnoll boudas
  2 iguanas (D:5)
  18 orc wizards
  10 hell rats
  A boggart skeleton (Crypt:3)
  An acid dragon zombie (Crypt:1)
  A hound skeleton (Crypt:3)
  21 gnolls
  6 adders
  2 shadow imps
  A steam dragon skeleton (Crypt:1)
  3 white imps
  2 worms
  A dart slug (D:10)
  88 orcs
  9 ball pythons
  5 bats
  10 endoplasms
  2 giant cockroaches
  18 goblins
  4 hobgoblins
  A jackal (D:2)
  14 kobolds
  6 quokkas
  A river rat zombie (Crypt:2)
  A dart slug zombie (Crypt:1)
  2 frilled lizards
  A goblin skeleton (Crypt:2)
  4 rats
  A ball lightning (Pan)
  2 briar patches (Swamp:2)
  8 fire vortices
  5 starspawn tentacles
  A tentacle (Hell)
3290 creatures vanquished.

Vanquished Creatures (collateral kills)
  Sojobo (Vaults:2)
  Xtahua (Vaults:4)
  Saint Roka (Orc:2)
  Asterion (Vaults:1)
  A titan (Depths:3)
  A tentacled starspawn (WizLab)
  An acid blob (Slime:5)
  2 tengu reavers (Depths:3)
  Donald (Vaults:1)
  An azure jelly (Coc:7)
  A broodmother (Spider:3)
  A cacodemon (WizLab)
  An ironbound thunderhulk (Vaults:1)
  2 very ugly things
  A stone giant (WizLab)
  A wendigo (Coc:7)
  2 ettins
  A great orb of eyes (Slime:5)
  A spriggan air mage (Depths:1)
  2 ironbound frosthearts (Vaults:1)
  A boulder beetle (Spider:1)
  A tengu warrior (Depths:2)
  4 dancing weapons (Elf:2)
  2 death yaks (Lair:3)
  2 deep elf knights (Elf:2)
  2 pharaoh ants
  A glowing orange brain (Abyss:3)
  2 deep trolls
  An ironbound convoker (Vaults:1)
  A necromancer (Depths:3)
  An ugly thing (WizLab)
  2 vault sentinels
  4 large abominations (Abyss:3)
  A tarantella (Spider:3)
  2 slime creatures (Slime:5)
  A neqoxec (Pan)
  A redback (Spider:3)
  4 small abominations (Abyss:3)
  An orc priest (Orc:2)
  2 orcs (Orc:2)
60 creatures vanquished.

Vanquished Creatures (others)
  A deep elf master archer (Elf:3)
  An eldritch tentacle (Pan)
  A tengu reaver (Vaults:2)
  A fire giant (Geh:7)
  A draconian annihilator (Pan)
  A balrug (Pan)
  4 very ugly things
  2 deep elf demonologists (Elf:3)
  A green draconian (Abyss:2)
  3 deep elf annihilators (Pan)
  A green death (Pan)
  A yaktaur captain (Vaults:5)
  4 rakshasas (Pan)
  2 caustic shrike simulacra
  3 juggernaut simulacra
  2 radroaches (Spider:4)
  2 spriggan air magi
  2 stokers
  A dancing weapon (Elf:2)
  A hell hog (Geh:7)
  A spriggan berserker (Swamp:4)
  2 deep elf knights
  A quicksilver dragon simulacrum (Coc:7)
  An orb spider (Spider:2)
  4 wizards
  An orc knight (Orc:2)
  2 deep elf pyromancers
  A shining eye (shapeshifter) (Depths:3)
  An ugly thing (Abyss:2)
  2 slime creatures (Abyss:3)
  2 torpor snails
  An orange demon (Pan)
  A bunyip simulacrum (Coc:2)
  2 anaconda simulacra (Coc:6)
  2 hellwings (Pan)
  An iron dragon simulacrum (Coc:3)
  A tarantella (Spider:4)
  A jumping spider (Spider:4)
  A stone giant simulacrum (Coc:2)
  A dire elephant simulacrum (Coc:6)
  A ynoxinul (Depths:3)
  2 fire elementals (Orc:2)
  2 humans (D:12)
  An alligator snapping turtle simulacrum (Coc:1)
  A vampire mosquito (D:12)
  A redback (Spider:1)
  2 harpy simulacra
  A hell hound (Orc:2)
  An orc warrior (Orc:2)
  A wolf (Bailey)
  An ice dragon simulacrum (Coc:1)
  An ettin simulacrum (Coc:1)
  A gnoll sergeant (Bailey)
  A gnoll bouda (Bailey)
  An orc wizard (Orc:2)
  5 orcs
  14 ball lightnings (Pan)
  A butterfly (D:13)
  3 creeping infernos
  30 foxfires
  18 fungi
  A lurking horror (Abyss:2)
  24 plants
  39 starspawn tentacles
  8 tentacles
225 creatures vanquished.

Grand Total: 3575 creatures vanquished

Notes
Turn   | Place    | Note
-------+----------+-------------------------------------------
     0 | D:1      | Armakuni the Human Monk began the quest for the Orb.
     0 | D:1      | Reached XP level 1. HP: 18/18 MP: 1/1
   193 | D:1      | Reached XP level 2. HP: 22/24 MP: 2/2
   527 | D:1      | Reached XP level 3. HP: 29/29 MP: 3/3
  1169 | D:2      | Reached XP level 4. HP: 35/35 MP: 4/4
  1477 | D:2      | Found Basaul's General Store.
  1977 | D:3      | Reached skill level 5 in Long Blades
  1979 | D:3      | Found a faded altar of an unknown god.
  2048 | D:3      | Found a radiant altar of Vehumet.
  2082 | D:3      | Found a broken altar of Ashenzari.
  2190 | D:3      | Reached XP level 5. HP: 41/41 MP: 5/5
  2540 | D:4      | Found an opulent altar of Gozag.
  2647 | D:4      | Found a bloodstained altar of Trog.
  2980 | D:4      | Found a shimmering altar of Xom.
  2982 | D:4      | Found an iron altar of Okawaru.
  3121 | D:5      | Entered Level 5 of the Dungeon
  3236 | D:5      | Noticed a black bear
  3365 | D:5      | Found a staircase to the Ecumenical Temple.
  3371 | Temple   | Entered the Ecumenical Temple
  3387 | Temple   | Became a worshipper of Elyvilon the Healer
  3387 | Temple   | Reached * piety under Elyvilon
  3387 | Temple   | Reached ** piety under Elyvilon
  3422 | D:5      | Reached XP level 6. HP: 35/47 MP: 6/6
  3523 | D:5      | Reached skill level 1 in Invocations
  3617 | D:5      | Noticed a black bear
  3619 | D:5      | Killed a black bear
  3620 | D:5      | Reached XP level 7. HP: 44/52 MP: 7/9
  3883 | D:5      | Found a glowing golden altar of the Shining One.
  4004 | D:6      | Reached XP level 8. HP: 41/58 MP: 11/11
  4135 | D:6      | Reached skill level 5 in Invocations
  4366 | D:6      | Reached skill level 5 in Fighting
  4932 | D:7      | Found Fygovi's Distillery.
  4936 | D:7      | Bought a potion of attraction for 36 gold pieces
  4936 | D:7      | Bought a potion of berserk rage for 60 gold pieces
  4943 | D:7      | Reached XP level 9. HP: 55/69 MP: 12/12
  4947 | D:7      | Found Laptofof's Antique Weapon Shop.
  4968 | D:7      | Bought a glowing scimitar for 168 gold pieces
  4979 | D:7      | Identified the +5 leather armour of Fortification {Drain
                  | rC+++ rCorr}
  5000 | D:7      | Found Cuetim's Antique Armour Emporium.
  5407 | D:7      | Found Ytsad's Antique Armour Boutique.
  5410 | D:7      | Bought a fine chain mail for 256 gold pieces
  5410 | D:7      | Identified the +6 chain mail of Unreason {rF- rN+ Slay+5}
                  | (You bought it in a shop on level 7 of the Dungeon)
  5446 | D:7      | Found a burning altar of Makhleb.
  5685 | D:8      | Noticed Joseph
  5685 | D:8      | Reached *** piety under Elyvilon
  5695 | D:8      | Killed Joseph
  5696 | D:8      | Reached skill level 10 in Long Blades
  5838 | D:8      | Identified the +8 hand axe "Edihemagh" {venom, rElec rCorr
                  | Stlth+}
  5860 | D:8      | Found Qimupt's Self-Improvement Boutique.
  5980 | D:8      | Reached XP level 10. HP: 76/76 MP: 13/13
  6266 | D:8      | Found an ancient bone altar of Kikubaaqudgha.
  6944 | D:9      | Found a hazy altar of Hepliaklqana.
  7143 | D:9      | Found a staircase to the Orcish Mines.
  7202 | D:9      | Found a runed translucent gate.
  7202 | D:9      | Found a runed translucent gate.
  7208 | D:9      | Found a runed translucent gate.
  7214 | D:9      | Noticed a purple ugly thing
  7215 | D:9      | Noticed a glowing orange brain
  7221 | D:9      | Noticed a red ugly thing
  7221 | D:9      | Noticed a green ugly thing
  7223 | D:9      | Noticed a purple ugly thing
  7224 | D:9      | Noticed a steelbarb worm
  7226 | D:9      | a steelbarb worm changed into a rime drake
  7226 | D:9      | Noticed a rime drake (glowing shapeshifter)
  7229 | D:9      | a rime drake changed into a queen bee
  7539 | D:10     | Entered Level 10 of the Dungeon
  7543 | D:10     | Found a snail-covered altar of Cheibriados.
  7551 | D:10     | Paralysed by a hornet for 1 turns
  7618 | D:10     | Found a flagged portal.
  7632 | Bailey   | Entered a bailey
  7632 | Bailey   | Reached **** piety under Elyvilon
  7753 | Bailey   | Identified the amulet of the Four Interlopers {*Slow Regen+
                  | Dex+5}
  7828 | Bailey   | Reached XP level 11. HP: 40/81 MP: 10/14
  7966 | Bailey   | Noticed Grum
  7968 | Bailey   | Killed Grum
  8134 | Bailey   | Got the Catalogue of Displacement
  8371 | D:10     | Noticed a two-headed ogre
  8518 | D:10     | Killed a two-headed ogre
  8555 | D:10     | Noticed Snorg
  8568 | D:10     | Killed Snorg
  8625 | D:10     | Found an ornate altar of the Wu Jian Council.
  8626 | D:10     | Found a blossoming altar of Fedhas.
  8692 | D:10     | Found a runed translucent gate.
  8692 | D:10     | Found a runed translucent gate.
  8692 | D:10     | Found a runed translucent gate.
  8692 | D:10     | Noticed qborf's ghost (journeyman AtFi)
  8694 | D:10     | Found a basalt altar of Yredelemnul.
  8782 | D:10     | Found Utoedisu's Assorted Antiques.
  8797 | D:10     | Bought a scroll labelled LYF KEUXZURYJUISE for 24 gold
                  | pieces
  8829 | D:10     | Found a runed translucent gate.
  8829 | D:10     | Found a runed translucent gate.
  8829 | D:10     | Found a runed translucent gate.
  8852 | D:10     | Noticed kae's ghost (novice NaTm)
  8927 | D:10     | Identified the +1 scale mail "Suxi" {rElec rC- rCorr Str-5}
  9131 | Orc:1    | Entered Level 1 of the Orcish Mines
  9131 | Orc:1    | Noticed a two-headed ogre
  9137 | Orc:1    | Killed a two-headed ogre
  9139 | Orc:1    | Noticed an orc sorcerer
  9175 | Orc:1    | Noticed a soul eater
  9182 | D:9      | Killed an orc sorcerer
  9183 | D:9      | Reached skill level 10 in Invocations
  9341 | Orc:2    | Entered Level 2 of the Orcish Mines
  9341 | Orc:2    | Noticed an orc sorcerer
  9353 | Orc:1    | Killed an orc sorcerer
  9360 | Orc:1    | Reached XP level 12. HP: 51/88 MP: 16/20
  9467 | Orc:2    | Found a staircase to the Elven Halls.
  9474 | Orc:2    | Found Koashrata's Antique Weapon Boutique.
  9568 | Orc:2    | Noticed an ettin
  9572 | Orc:2    | Found a flickering gateway to a bazaar.
  9576 | Orc:2    | Killed an ettin
  9591 | Bazaar   | Entered a bazaar
  9591 | Bazaar   | Found Taj Ceopp's Armour Shoppe.
  9591 | Bazaar   | Found Jaickause's Book Emporium.
  9593 | Bazaar   | Found Cujiawk's Distillery.
  9609 | Bazaar   | Found Nideat's Assorted Antiques.
  9858 | Orc:2    | Noticed Saint Roka
 10114 | Orc:1    | You fall into a shaft and drop 1 floor!
 10115 | Orc:2    | Noticed a soul eater
 10208 | D:8      | Bought a manual of Armour for 1120 gold pieces
 10310 | D:11     | Reached skill level 1 in Armour
 10418 | D:11     | Noticed a two-headed ogre
 10425 | D:11     | Killed a two-headed ogre
 10444 | D:11     | Reached skill level 5 in Armour
 10447 | D:11     | Found a staircase to the Lair.
 10883 | D:12     | Reached ***** piety under Elyvilon
 10888 | D:12     | Noticed a two-headed ogre
 10898 | D:12     | Noticed a centaur warrior
 10904 | D:12     | Reached skill level 1 in Shields
 10923 | D:12     | Killed a centaur warrior
 10924 | D:12     | Noticed a sixfirhy
 10977 | Lair:1   | Entered Level 1 of the Lair of Beasts
 11112 | Lair:1   | Reached XP level 13. HP: 84/95 MP: 22/22
 11116 | Lair:1   | Reached skill level 10 in Armour
 11939 | Lair:2   | Reached skill level 5 in Dodging
 11949 | Lair:2   | You fall into a shaft and drop 2 floors!
 12388 | Lair:3   | Reached XP level 14. HP: 84/101 MP: 23/23
 12467 | Lair:3   | Found a gate leading to a gauntlet.
 12479 | Gauntlet | Entered a Gauntlet
 12479 | Gauntlet | Found a transporter.
 12479 | Gauntlet | Found a transporter.
 12506 | Gauntlet | Found a transporter.
 12507 | Gauntlet | Found a runed translucent door.
 12507 | Gauntlet | Found a runed translucent door.
 12519 | Gauntlet | Found a transporter.
 12537 | Gauntlet | Found a transporter.
 12537 | Gauntlet | Found a transporter.
 12537 | Gauntlet | Found a transporter.
 12539 | Gauntlet | Found a transporter.
 12539 | Gauntlet | Found a transporter.
 12554 | Gauntlet | Found a transporter.
 12569 | Gauntlet | Found a transporter.
 12579 | Gauntlet | Found a transporter.
 12593 | Gauntlet | Found a transporter.
 12613 | Gauntlet | Found a transporter.
 12647 | Abyss:2  | Found a corrupted altar of Lugonu.
 12647 | Abyss:2  | Cast into level 2 of the Abyss (a wizard)
 12655 | Abyss:2  | Found a corrupted altar of Lugonu.
 12712 | Abyss:2  | Gained mutation: Your magical capacity is low. (-10% MP) [a
                  | neqoxec]
 12808 | Abyss:2  | Reached skill level 10 in Dodging
 12833 | Abyss:2  | Noticed an Executioner
 12841 | Abyss:2  | Killed an Executioner
 12865 | Abyss:2  | Noticed a bone dragon
 12885 | Abyss:2  | Killed a bone dragon
 12893 | Abyss:2  | Paralysed by an air elemental for 1 turns
 12896 | Abyss:2  | Paralysed by an air elemental for 1 turns
 12902 | Abyss:2  | Noticed a starcursed mass
 13052 | Abyss:2  | Noticed a tentacled starspawn
 13061 | Abyss:2  | Killed a tentacled starspawn
 13115 | Abyss:2  | Noticed a white very ugly thing
 13115 | Abyss:2  | Noticed a white very ugly thing
 13116 | Abyss:2  | Noticed a green draconian
 13124 | Abyss:2  | Pacified a white very ugly thing
 13130 | Abyss:2  | Killed a white very ugly thing
 13132 | Abyss:2  | Killed a green draconian
 13142 | Abyss:2  | Noticed a tentacled starspawn
 13157 | Abyss:2  | Killed a tentacled starspawn
 13158 | Abyss:2  | Reached skill level 10 in Fighting
 13160 | Abyss:2  | Noticed an ophan
 13163 | Gauntlet | Escaped the Abyss
 13185 | Gauntlet | Identified the +0 pair of boots of the Guild-Master {rPois}
 13306 | Gauntlet | Identified the ring "Wist" {rN+ AC+4 Str+4}
 13361 | Gauntlet | Found the +1 cloak of Starlight {*Dazzle EV+4 Stlth--}
 13361 | Gauntlet | Identified the +3 tower shield of Wisdom {rPois Stlth+}
 13361 | Gauntlet | Noticed a minotaur
 13409 | Gauntlet | Killed a minotaur
 13420 | Gauntlet | Got the Secrets of Incandescence
 13438 | Gauntlet | Identified the +4 ring mail "Hero's Friend" {Contam Fly
                  | rCorr MP-9}
 13647 | Lair:2   | Reached XP level 15. HP: 93/115 MP: 21/21
 13990 | Lair:2   | Reached skill level 15 in Long Blades
 14104 | Lair:2   | Found a hole to the Spider Nest.
 14696 | Lair:3   | Found a staircase to the Swamp.
 15349 | Lair:5   | Entered Level 5 of the Lair of Beasts
 15350 | Lair:5   | Found a staircase to the Slime Pits.
 15350 | Lair:5   | Found a viscous altar of Jiyva.
 15978 | Lair:5   | Identified a scroll of acquirement
 15982 | Lair:5   | Acquired a manual of Invocations
 16263 | Spider:1 | Entered Level 1 of the Spider Nest
 16265 | Spider:1 | Noticed an emperor scorpion
 16277 | Spider:1 | Paralysed by a jorogumo for 3 turns
 16297 | Spider:1 | Elyvilon protects you from harm!
 16610 | Orc:2    | Killed Saint Roka
 16620 | Orc:2    | Noticed Azrael
 16622 | Orc:2    | Found Ude Riw's Jewellery Emporium.
 16634 | Orc:2    | Killed Azrael
 16721 | Orc:2    | Found Soitreno's General Store.
 16740 | Orc:2    | Noticed an orc warlord
 16763 | Orc:2    | Killed an orc warlord
 16771 | Orc:2    | Reached XP level 16. HP: 91/122 MP: 18/24
 16787 | Orc:2    | Reached skill level 15 in Invocations
 16891 | Orc:2    | Found Sodghuhe's Antique Armour Emporium.
 16903 | Orc:2    | Noticed Erolcha
 16918 | Orc:2    | Killed Erolcha
 17220 | Orc:2    | Found Ysahud's Book Emporium.
 17235 | Orc:2    | Found Tos Feskef's General Store.
 17373 | Orc:2    | Found Diryle's Weapon Shoppe.
 17405 | Orc:2    | Found Ralliet's Antique Weapon Emporium.
 17677 | D:9      | Found a runed translucent gate.
 17677 | D:9      | Found a runed translucent gate.
 17678 | D:9      | Found a runed translucent gate.
 17678 | D:9      | Noticed DavidChitty2's ghost (novice TrGl)
 17741 | D:9      | Killed DavidChitty2's ghost
 17786 | D:9      | Lost mutation: Your magical capacity is low. (-10% MP)
                  | [potion of mutation]
 17786 | D:9      | Gained mutation: Your spells are a little harder to cast,
                  | but a little more powerful. [potion of mutation]
 17786 | D:9      | Gained mutation: Your magical capacity is low. (-10% MP)
                  | [potion of mutation]
 17787 | D:9      | Lost mutation: Your magical capacity is low. (-10% MP)
                  | [potion of mutation]
 17787 | D:9      | Lost mutation: Your spells are a little harder to cast, but
                  | a little more powerful. [potion of mutation]
 17787 | D:9      | Gained mutation: Your system is resistant to poisons.
                  | (rPois) [potion of mutation]
 17787 | D:9      | Gained mutation: You have a somewhat thin skeletal
                  | structure. (Dex +2, Stealth+) [potion of mutation]
 17787 | D:9      | Gained mutation: You are vulnerable to cold. (rC-) [potion
                  | of mutation]
 17787 | D:9      | Gained mutation: You are agile. (Dex +4, Str/Int -1)
                  | [potion of mutation]
 17841 | D:10     | Killed kae's ghost
 17867 | D:10     | Identified the +1 helmet "Fatroas" {rPois rC+ rCorr Str+2}
 17881 | D:10     | Lost mutation: You are vulnerable to cold. (rC-) [potion of
                  | mutation]
 17881 | D:10     | Lost mutation: You have a somewhat thin skeletal structure.
                  | (Dex +2, Stealth+) [potion of mutation]
 17881 | D:10     | Gained mutation: You expend magic power (3 MP) to
                  | strengthen your wands. [potion of mutation]
 17881 | D:10     | Gained mutation: You occasionally lose the ability to read
                  | scrolls when taking damage. [potion of mutation]
 17882 | D:10     | Lost mutation: You expend magic power (3 MP) to strengthen
                  | your wands. [potion of mutation]
 17882 | D:10     | Lost mutation: Your system is resistant to poisons. (rPois)
                  | [potion of mutation]
 17882 | D:10     | Lost mutation: You occasionally lose the ability to read
                  | scrolls when taking damage. [potion of mutation]
 17882 | D:10     | Gained mutation: You expend magic power (3 MP) to
                  | strengthen your wands. [potion of mutation]
 17938 | D:10     | Killed qborf's ghost
 18119 | D:12     | Noticed Kirke
 18131 | D:12     | Noticed a sphinx
 18209 | D:11     | Killed Kirke
 18336 | D:12     | Noticed Fannar
 18350 | D:12     | Killed Fannar
 18986 | D:13     | Found a white marble altar of Elyvilon.
 19664 | D:14     | Noticed Rupert
 19664 | D:14     | Found a gate to the Vaults.
 19971 | D:14     | Paralysed by Rupert for 4 turns
 19973 | D:14     | Killed Rupert
 19974 | D:14     | Reached XP level 17. HP: 128/128 MP: 23/30
 20485 | Abyss:3  | Cast into level 3 of the Abyss (a wizard)
 20573 | Abyss:3  | Noticed a tentacled starspawn
 20583 | Abyss:3  | Killed a tentacled starspawn
 20609 | Abyss:3  | Noticed an Executioner
 20622 | Abyss:3  | Killed an Executioner
 20660 | Abyss:3  | Noticed a tentacled starspawn
 20665 | Abyss:3  | Killed a tentacled starspawn
 20686 | Abyss:3  | Noticed a tentacled starspawn
 20695 | Abyss:3  | Killed a tentacled starspawn
 20721 | Abyss:3  | Found a corrupted altar of Lugonu.
 20747 | D:14     | Escaped the Abyss
 21042 | D:8      | Bought a manual of Armour for 1120 gold pieces
 21241 | Swamp:1  | Entered Level 1 of the Swamp
 21256 | Swamp:1  | Noticed Louise
 21366 | Lair:3   | Killed Louise
 21468 | Swamp:1  | Paralysed by a fenstrider witch for 2 turns
 21473 | Swamp:1  | Paralysed by a fenstrider witch for 4 turns
 21720 | Swamp:1  | Found a glowing golden altar of the Shining One.
 21967 | Swamp:2  | Reached skill level 15 in Armour
 22099 | Swamp:2  | Reached XP level 18. HP: 136/136 MP: 31/31
 22555 | Swamp:3  | Reached XP level 19. HP: 141/141 MP: 32/32
 23015 | Swamp:4  | Entered Level 4 of the Swamp
 23285 | Swamp:4  | Reached skill level 5 in Evocations
 23626 | Swamp:4  | Got a decaying rune of Zot
 24589 | Spider:2 | Reached XP level 20. HP: 128/148 MP: 33/33
 25471 | Spider:3 | Noticed Arachne
 25515 | Spider:2 | Killed Arachne
 26022 | Spider:4 | Entered Level 4 of the Spider Nest
 26032 | Spider:4 | Reached skill level 15 in Dodging
 26329 | Spider:4 | Noticed Mlioglotl
 26341 | Spider:4 | Killed Mlioglotl
 26918 | Spider:4 | Reached XP level 21. HP: 162/162 MP: 34/34
 27397 | Spider:4 | Identified the +2 pair of gloves of Yppatitar {Harm Rampage
                  | rC- Regen+}
 27423 | Spider:4 | Got a gossamer rune of Zot
 27754 | Orc:2    | Bought the ring of the Tortoise {AC+8} for 1792 gold pieces
 27754 | Orc:2    | Found the ring of the Tortoise {AC+8}
 27855 | Elf:1    | Entered Level 1 of the Elven Halls
 28195 | Elf:1    | Found a runed translucent door.
 28214 | Elf:1    | Identified the +12 quarterstaff of Mandamus {freeze, Int+6}
 28286 | Elf:1    | Identified Roxanne's Exposition on Talus
 28286 | Elf:1    | Noticed Roxanne
 28309 | Elf:1    | Killed Roxanne
 28404 | Elf:1    | Reached skill level 15 in Fighting
 28772 | Elf:1    | Identified the +1 robe of the Armadillo {rElec rC+}
 29140 | Elf:1    | Noticed Cushusko's ghost (journeyman SpEn)
 29171 | Elf:1    | Killed Cushusko's ghost
 29500 | Elf:2    | Noticed Agnes
 29513 | Elf:2    | Killed Agnes
 29616 | Elf:2    | Found a runed translucent gate.
 29617 | Elf:2    | Found a runed translucent gate.
 29617 | Elf:2    | Found a runed translucent gate.
 29681 | Elf:2    | Identified the +6 mace of Votafru {venom, Str+2 Int+3
                  | Dex-5}
 29826 | Elf:2    | Reached XP level 22. HP: 140/175 MP: 31/35
 30146 | Elf:3    | Entered Level 3 of the Elven Halls
 30778 | Elf:3    | Identified the +0 halberd "Vimoc" {freeze, Will+}
 30981 | Elf:3    | Identified the +6 short sword "Killer Bee's Foe" {distort,
                  | rElec rF+ Str-2 Int+4}
 30987 | Elf:3    | Identified the ring "Jenkoth" {Int+6 Dex+4}
 31055 | Elf:3    | Got the Incunable of the Altered Fjord
 31057 | Elf:3    | Identified the +0 pair of gloves of the Fiend {*Slow rF++
                  | Regen+}
 31093 | Elf:3    | Identified the +11 morningstar of Dissatisfaction {heavy,
                  | Dex+2}
 31106 | Elf:3    | Identified the amulet of the Hugging Hero {Faith rPois rF+}
 31110 | Elf:3    | Got the Parchment of Creative Variation
 31175 | Elf:3    | Identified the +1 robe "Qackef" {rF++}
 31207 | Elf:3    | Identified the +4 longbow "Ynuir" {freeze, Will+}
 31577 | D:7      | Bought a distressingly furry plate armour for 784 gold
                  | pieces
 31577 | D:7      | Identified the +5 plate armour of Negligence {Will+ Int+2}
                  | (You bought it in a shop on level 7 of the Dungeon)
 31729 | D:15     | Entered Level 15 of the Dungeon
 31899 | D:15     | Found a frozen archway.
 31908 | IceCv    | Entered an ice cave
 32043 | IceCv    | Reached XP level 23. HP: 175/181 MP: 36/36
 32514 | D:15     | Got the Excursus on Searing Voltage
 32539 | D:15     | Found a staircase to the Depths.
 33140 | Depths:1 | Entered Level 1 of the Depths
 33506 | Depths:1 | Found a portal to a secret trove of treasure.
 33539 | Depths:1 | You paid a toll of 13 potions of heal wounds to enter a
                  | treasure trove
 33540 | Trove    | Entered a treasure trove
 33607 | Depths:1 | Paralysed by a floating eye for 4 turns
 33720 | Depths:1 | You fall into a shaft and drop 1 floor!
 33724 | Depths:2 | Reached skill level 10 in Evocations
 33827 | Depths:2 | Found a one-way gate leading to the halls of Pandemonium.
 33828 | Depths:2 | Noticed a golden dragon
 33884 | Depths:2 | Killed a golden dragon
 33965 | Depths:2 | Found a one-way gateway to a ziggurat.
 34148 | Depths:2 | Found a gateway to Hell.
 34204 | Depths:2 | Noticed Vv
 34240 | Depths:2 | Killed Vv
 34348 | Depths:2 | Found a magical portal.
 34356 | WizLab   | Entered Lehudib's Moon Base
 34496 | WizLab   | Reached skill level 15 in Evocations
 34500 | WizLab   | Reached XP level 24. HP: 188/188 MP: 37/37
 34965 | WizLab   | Found a transporter.
 35295 | WizLab   | Found a transporter.
 35685 | WizLab   | Got Lehudib's Dissertation on Earth and Transmigration
 35926 | Depths:2 | Noticed a golden dragon
 35931 | Depths:2 | Identified the +12 morningstar of Opraici {heavy, rC++
                  | Str+4}
 35991 | Depths:2 | Killed a golden dragon
 36141 | Depths:2 | Identified the +1 ring mail "Xoanaun" {*Slow rPois Str+2
                  | Slay+2}
 36353 | Depths:2 | Acquired a manual of Evocations
 36578 | Depths:2 | Found a radiant altar of Vehumet.
 36814 | Depths:3 | Noticed an ancient lich
 36831 | Depths:3 | Killed an ancient lich
 36959 | Depths:3 | Found an ornate altar of the Wu Jian Council.
 37120 | Depths:3 | Noticed a caustic shrike
 37147 | Depths:3 | Killed a caustic shrike
 37355 | Depths:3 | Found a burning altar of Makhleb.
 37432 | Depths:3 | Reached XP level 25. HP: 208/208 MP: 37/37
 37444 | Depths:3 | Found a burning altar of Makhleb.
 37444 | Depths:3 | Found the +16 obsidian axe {drain, demonic, Mesm Drain Fly
                  | SInv}
 37911 | Depths:3 | Found a one-way gate to the infinite horrors of the Abyss.
 38114 | Depths:3 | Identified the ring of the Priest {Fly rElec rF- rCorr
                  | Int-5}
 38482 | Depths:4 | Entered Level 4 of the Depths
 38701 | Depths:4 | Found Fojynu's Antique Weapon Shoppe.
 38718 | Depths:4 | Found Agul's Book Shoppe.
 38719 | Depths:4 | Found Rarekoj's Jewellery Shop.
 38720 | Depths:4 | Found Geptou's Book Shoppe.
 38855 | Depths:4 | Found a runed translucent door.
 38856 | Depths:4 | Noticed Sulomox's ghost (adept OpTm)
 39109 | Depths:4 | Found a gate to the Realm of Zot.
 39636 | Depths:4 | Killed Sulomox's ghost
 39687 | Depths:4 | Bought a runed demon blade for 774 gold pieces
 39983 | Swamp:1  | Fell from the grace of Elyvilon
 39983 | Swamp:1  | Became a worshipper of the Shining One
 39983 | Swamp:1  | Reached * piety under the Shining One
 39983 | Swamp:1  | Reached ** piety under the Shining One
 40147 | Vaults:1 | Entered Level 1 of the Vaults
 40147 | Vaults:1 | Noticed Donald
 40153 | Vaults:1 | Killed Donald
 40255 | Vaults:1 | Noticed Asterion
 40269 | Vaults:1 | Killed Asterion
 40269 | Vaults:1 | Reached *** piety under the Shining One
 40304 | Vaults:1 | Found a flickering gateway to a bazaar.
 40314 | Bazaar   | Entered a bazaar
 40314 | Bazaar   | Found Jisaa's Magic Scroll Emporium.
 40322 | Bazaar   | Found Nelo's General Store.
 40333 | Bazaar   | Found Suxon's Antique Weapon Emporium.
 40344 | Bazaar   | Found Tahad's Book Shop.
 40352 | Bazaar   | Found Repisurgh's Antique Armour Shop.
 40390 | Bazaar   | Bought a scroll of magic mapping for 82 gold pieces
 40471 | Vaults:1 | Reached skill level 5 in Shields
 41371 | Vaults:1 | Noticed Aizul
 41385 | Vaults:1 | Killed Aizul
 41605 | Vaults:2 | Reached XP level 26. HP: 208/218 MP: 37/37
 41798 | Vaults:2 | Found Wuyren's Armour Emporium.
 42079 | Vaults:2 | Reached **** piety under the Shining One
 42202 | Vaults:2 | Identified the +5 scale mail of the Lotus Blossom {rElec
                  | rN+ Stlth+}
 42297 | Vaults:2 | Noticed Sojobo
 42304 | Vaults:2 | Killed Sojobo
 44016 | Vaults:3 | Noticed Mennas
 44291 | Vaults:3 | Found a staircase to the Crypt.
 44397 | Vaults:4 | Killed Mennas
 44490 | Crypt:1  | Entered Level 1 of the Crypt
 44496 | Crypt:1  | Reached ***** piety under the Shining One
 44627 | Crypt:1  | Reached XP level 27. HP: 224/224 MP: 37/37
 44818 | Crypt:1  | You fall into a shaft and drop 1 floor!
 44922 | Crypt:1  | Reached ****** piety under the Shining One
 44968 | Crypt:1  | Identified a +5 eudemon blade of holy wrath (a +3 demon
                  | blade of freezing blessed by the Shining One)
 44968 | Crypt:1  | Received a gift from the Shining One
 45673 | Crypt:2  | Found an ancient bone altar of Kikubaaqudgha.
 46091 | Crypt:2  | Found a basalt altar of Yredelemnul.
 46129 | Crypt:2  | Identified the +1 flail of Ivawet {speed, rF+ rC+ MP+9
                  | Str-5}
 46131 | Crypt:2  | Identified the +2 plate armour "Cojab" {rPois}
 46231 | Crypt:3  | Entered Level 3 of the Crypt
 46377 | Crypt:3  | Noticed an ancient lich
 46386 | Crypt:3  | Killed an ancient lich
 46571 | Crypt:3  | Found a staircase to the Tomb.
 46605 | Crypt:3  | Identified the +5 trident of Harmony {heavy, *Corrode rF+
                  | rN+ Str-4 Int+3}
 46983 | Crypt:3  | Noticed a dread lich
 46993 | Crypt:3  | Killed a dread lich
 47040 | Crypt:3  | Identified the +1 ring mail of the Carpenter {Rampage Will+
                  | Int+3}
 47049 | Crypt:3  | Identified the +9 flail of Plunder {flame, rN+ Str-5 Int+3}
 47053 | Crypt:3  | Learned a level 1 spell: Apportation
 47056 | Crypt:3  | Learned a level 2 spell: Blink
 47057 | Crypt:3  | Identified the ring "Pefufrig" {rF+ rN+ rCorr Str+3 Dex+4}
 47057 | Crypt:3  | Identified the ring of Buodgheikh {rF+ rN+}
 47057 | Crypt:3  | Identified the ring "Equqyhui" {rN+ rCorr}
 47299 | Vaults:3 | Learned a level 2 spell: Passwall
 47795 | Vaults:4 | Noticed Zenata
 47808 | Vaults:4 | Killed Zenata
 48187 | Vaults:4 | Noticed Frederick
 48191 | Vaults:4 | Noticed Margery
 48197 | Vaults:4 | Killed Frederick
 48210 | Vaults:4 | Killed Margery
 48539 | Vaults:5 | Entered Level 5 of the Vaults
 48690 | Vaults:5 | Noticed Jory
 48807 | Vaults:5 | Identified the +2 leather armour "Denno" {rC++ rN+ Str+2}
 48810 | Vaults:5 | Noticed Xtahua
 48815 | Vaults:4 | Killed Jory
 48941 | Vaults:4 | Killed Xtahua
 49377 | Vaults:5 | Noticed Boris
 49382 | Vaults:5 | Killed Boris
 49515 | Vaults:5 | Got a silver rune of Zot
 49838 | Vaults:5 | Identified the +1 pair of gloves of Gozag's Grace {Regen+
                  | Int+2 Stlth+}
 50394 | Slime:1  | Entered Level 1 of the Pits of Slime
 50517 | Slime:5  | Entered Level 5 of the Pits of Slime
 50604 | Slime:5  | Acquired a manual of Spellcasting
 50633 | Slime:5  | Found a viscous altar of Jiyva.
 50633 | Slime:5  | Noticed the Royal Jelly
 50637 | Slime:5  | Reached skill level 27 in Long Blades
 50640 | Slime:5  | Killed the Royal Jelly
 50817 | Slime:5  | Got the Collected Works on the Feathery Burn
 50872 | Slime:5  | Identified the +1 ring mail of Yredelemnul {rPois Will-
                  | Dex+4}
 50896 | Slime:5  | Identified the +3 war axe of Prescription {venom, rC+++
                  | rCorr Str+2 Dex-5}
 50926 | Slime:5  | Got a slimy rune of Zot
 51120 | D:10     | Bought a wand of digging (4) for 403 gold pieces
 51120 | D:10     | Bought a wand of iceblast (5) for 288 gold pieces
 51261 | Pan      | Entered Pandemonium
 51402 | Pan      | Gained mutation: You occasionally lose the ability to read
                  | scrolls when taking damage. [a cacodemon]
 51444 | Pan      | Lost mutation: You occasionally lose the ability to read
                  | scrolls when taking damage. [potion of mutation]
 51444 | Pan      | Lost mutation: You expend magic power (3 MP) to strengthen
                  | your wands. [potion of mutation]
 51444 | Pan      | Gained mutation: You do not regenerate when monsters are
                  | visible. [potion of mutation]
 51445 | Pan      | Lost mutation: You are agile. (Dex +4, Str/Int -1) [potion
                  | of mutation]
 51445 | Pan      | Lost mutation: You do not regenerate when monsters are
                  | visible. [potion of mutation]
 51445 | Pan      | Gained mutation: You are strong-willed. (Will+) [potion of
                  | mutation]
 51445 | Pan      | Gained mutation: You are clumsy. (Dex -2) [potion of
                  | mutation]
 51445 | Pan      | Gained mutation: You are covered in fur. (AC +1) [potion of
                  | mutation]
 51490 | Pan      | Identified the amulet of Tender Moments {Faith MP+9 Str+4}
 51720 | Pan      | Noticed Giluil the pandemonium lord
 51727 | Pan      | Killed Giluil the pandemonium lord
 51737 | Depths:2 | Escaped Pandemonium
 51745 | Pan      | Entered Pandemonium
 51967 | Pan      | Noticed Puzusaur the pandemonium lord
 51974 | Pan      | Killed Puzusaur the pandemonium lord
 52071 | Pan      | Noticed Kimn the pandemonium lord
 52078 | Pan      | Killed Kimn the pandemonium lord
 52091 | Pan      | Got a demonic rune of Zot
 52110 | Pan      | Entered the realm of Mnoleg.
 52110 | Pan      | Noticed Mnoleg
 52131 | Pan      | Killed Mnoleg
 52131 | Pan      | Gained mutation: You are vulnerable to heat. (rF-) [a
                  | cacodemon]
 52146 | Pan      | Got a glowing rune of Zot
 52211 | Pan      | Reached skill level 1 in Spellcasting
 52211 | Pan      | Reached skill level 1 in Translocations
 52351 | Pan      | Found an exit through the horrors of the Abyss.
 52353 | Pan      | Identified the ring "Kemmiumu" {Ice rPois Int+2}
 52362 | Pan      | Entered the realm of Gloorx Vloq.
 52364 | Pan      | Lost mutation: You are vulnerable to heat. (rF-) [potion of
                  | mutation]
 52364 | Pan      | Lost mutation: You are clumsy. (Dex -2) [potion of
                  | mutation]
 52364 | Pan      | Gained mutation: You have hidden genetic defects. [potion
                  | of mutation]
 52364 | Pan      | Gained mutation: Your body sometimes deteriorates upon
                  | taking damage. [potion of mutation]
 52364 | Pan      | Gained mutation: You are resistant to electric shocks.
                  | (rElec) [potion of mutation]
 52365 | Pan      | Lost mutation: You are covered in fur. (AC +1) [potion of
                  | mutation]
 52365 | Pan      | Lost mutation: You are resistant to electric shocks.
                  | (rElec) [potion of mutation]
 52365 | Pan      | Lost mutation: Your body sometimes deteriorates upon taking
                  | damage. [potion of mutation]
 52365 | Pan      | Gained mutation: You have a pair of small antennae on your
                  | head. [potion of mutation]
 52366 | Pan      | Lost mutation: You have hidden genetic defects. [potion of
                  | mutation]
 52366 | Pan      | Lost mutation: You have a pair of small antennae on your
                  | head. [potion of mutation]
 52366 | Pan      | Gained mutation: Your mind is acute. (Int +4, Str/Dex -1)
                  | [potion of mutation]
 52366 | Pan      | Gained mutation: You possess an exceptional clarity of
                  | mind. [potion of mutation]
 52366 | Pan      | Gained mutation: You are frail. (-10% HP) [potion of
                  | mutation]
 52366 | Pan      | Gained mutation: You have sharp toenails. [potion of
                  | mutation]
 52373 | Pan      | Found an exit through the horrors of the Abyss.
 52610 | Pan      | Noticed Gloorx Vloq
 52619 | Pan      | Killed Gloorx Vloq
 52741 | Pan      | Got a dark rune of Zot
 52829 | Pan      | Reached skill level 27 in Invocations
 53007 | Pan      | Noticed a seraph
 53017 | Pan      | Killed a seraph
 53023 | Pan      | Identified the +3 buckler "Mytseupt" {*Slow rPois rC+
                  | Dex+4}
 53059 | Pan      | Found a glowing golden altar of the Shining One.
 53067 | Pan      | Identified the +2 flail of Overwhelming Force {freeze,
                  | rElec Str+2 Dex-3}
 53263 | Pan      | Found a white marble altar of Elyvilon.
 53473 | Pan      | Identified the +0 cloak of Wiwij {rF+ rC+}
 53637 | Pan      | Identified the ring of Zanikhleut {*Slow Fly rN+ Dex+2}
 53725 | Depths:2 | Escaped Pandemonium
 53737 | Pan      | Entered Pandemonium
 53766 | Pan      | Noticed Araunel the pandemonium lord
 53774 | Pan      | Killed Araunel the pandemonium lord
 53817 | Pan      | Learned a level 2 spell: Lesser Beckoning
 53874 | Pan      | Entered the realm of Lom Lobon.
 54072 | Pan      | Reached skill level 5 in Translocations
 54362 | Pan      | Noticed Lom Lobon
 54423 | Pan      | Got a magical rune of Zot
 54558 | Pan      | Noticed Lom Lobon
 54674 | Pan      | Learned a level 3 spell: Portal Projectile
 54678 | Pan      | Learned a level 3 spell: Teleport Other
 54922 | Pan      | Entered the realm of Cerebov.
 55098 | Pan      | Got the Handbook of Phlogiston and the Figure
 55104 | Pan      | Identified the ring "Qusaxken" {Fire rN+ Str+3}
 55189 | Pan      | Identified the +6 arbalest of Precise Incision {drain,
                  | Fragile Int+3 Dex+6 Stlth-}
 55195 | Pan      | Identified the +8 lajatang "Ame Wooj" {flame, rElec rF+
                  | MP+9 Str-5}
 55196 | Pan      | Identified the +6 flail "Losoeh" {freeze, Will+ Str+6 SInv
                  | Stlth+}
 55325 | Pan      | Reached skill level 10 in Translocations
 55383 | Pan      | Reached skill level 5 in Spellcasting
 55398 | Pan      | Identified the amulet "Gyrafos" {Harm rPois Regen+ Slay-5
                  | SInv}
 55556 | Pan      | Found the +6 sword of Cerebov {flame}
 55556 | Pan      | Noticed Cerebov
 55595 | Pan      | Killed Cerebov
 55689 | Pan      | Got a fiery rune of Zot
 55832 | Pan      | Found an exit through the horrors of the Abyss.
 55949 | Pan      | Reached skill level 10 in Spellcasting
 56031 | Pan      | Noticed Lom Lobon
 56149 | Pan      | Noticed Ipatat the pandemonium lord
 56157 | Pan      | Noticed Ignacio
 56166 | Pan      | Killed Ipatat the pandemonium lord
 56171 | Pan      | Killed Ignacio
 56363 | Pan      | Found an exit through the horrors of the Abyss.
 56386 | Pan      | Took an exit into the Abyss.
 56386 | Abyss:3  | Escaped into the Abyss
 56429 | Abyss:3  | Noticed a dread lich
 56441 | Abyss:3  | Killed a dread lich
 56721 | Abyss:3  | Reached skill level 1 in Transmutations
 56721 | Abyss:3  | Reached skill level 1 in Earth Magic
 56803 | Abyss:3  | Got an abyssal rune of Zot
 56812 | Depths:2 | Escaped the Abyss
 56878 | Hell     | Entered the Vestibule of Hell
 56878 | Hell     | Noticed Geryon
 56895 | Hell     | Killed Geryon
 56897 | Hell     | Lost mutation: Your mind is acute. (Int +4, Str/Dex -1) [a
                  | cacodemon]
 56965 | Hell     | Found a gateway to the decaying netherworld of Tartarus.
 57025 | Tar:1    | Entered Level 1 of Tartarus
 57478 | Tar:7    | Entered Level 7 of Tartarus
 57544 | Tar:7    | Noticed a dread lich
 57551 | Tar:7    | Killed a dread lich
 57612 | Tar:7    | Noticed an ancient lich
 57624 | Tar:7    | Killed an ancient lich
 57684 | Tar:7    | Noticed Ereshkigal
 57742 | Tar:7    | Killed Ereshkigal
 57775 | Tar:7    | Reached skill level 27 in Fighting
 57854 | Tar:7    | Got a bone rune of Zot
 58041 | Hell     | Found a gateway to the freezing wastes of Cocytus.
 58050 | Coc:1    | Entered Level 1 of Cocytus
 58051 | Coc:1    | Paralysed by a wendigo for 1 turns
 58288 | Coc:4    | Paralysed by a wendigo for 1 turns
 58298 | Coc:4    | Paralysed by a wendigo for 1 turns
 58306 | Coc:4    | Paralysed by a wendigo for 1 turns
 58365 | Coc:5    | Paralysed by a wendigo for 1 turns
 58371 | Coc:5    | Paralysed by a wendigo for 1 turns
 58374 | Coc:5    | Paralysed by a wendigo for 1 turns
 58481 | Coc:6    | Noticed a dread lich
 58484 | Coc:6    | Noticed a shard shrike
 58486 | Coc:6    | Noticed a shard shrike
 58487 | Coc:6    | Noticed a shard shrike
 58493 | Coc:7    | Entered Level 7 of Cocytus
 58530 | Coc:7    | Noticed a shard shrike
 58541 | Coc:7    | Killed a shard shrike
 58662 | Coc:7    | Paralysed by a wendigo for 1 turns
 58667 | Coc:7    | Paralysed by a wendigo for 1 turns
 58718 | Coc:7    | Paralysed by a wendigo for 1 turns
 58722 | Coc:7    | Paralysed by a wendigo for 1 turns
 58764 | Coc:7    | Noticed a shard shrike
 58767 | Coc:7    | Paralysed by a wendigo for 1 turns
 58793 | Coc:7    | Paralysed by a wendigo for 1 turns
 58804 | Coc:7    | Killed a shard shrike
 58807 | Coc:7    | Paralysed by a wendigo for 1 turns
 58898 | Coc:7    | Paralysed by a wendigo for 1 turns
 58907 | Coc:7    | Paralysed by a wendigo for 1 turns
 58955 | Coc:7    | Paralysed by a wendigo for 1 turns
 59002 | Coc:7    | Noticed a shard shrike
 59015 | Coc:7    | Killed a shard shrike
 59045 | Coc:7    | Noticed a shard shrike
 59057 | Coc:7    | Noticed Antaeus
 59081 | Coc:7    | Killed a shard shrike
 59094 | Coc:7    | Killed Antaeus
 59145 | Coc:7    | Noticed a shard shrike
 59155 | Coc:7    | Noticed a shard shrike
 59157 | Coc:7    | Noticed a shard shrike
 59161 | Coc:7    | Noticed a shard shrike
 59161 | Coc:7    | Noticed a shard shrike
 59168 | Coc:7    | Killed a shard shrike
 59169 | Coc:7    | Killed a shard shrike
 59169 | Coc:7    | Killed a shard shrike
 59169 | Coc:7    | Killed a shard shrike
 59171 | Coc:7    | Killed a shard shrike
 59189 | Coc:7    | Identified the +6 scimitar of Nemelex Xobeh's Favour
                  | {venom, Str+7}
 59193 | Coc:7    | Identified the +4 mace of Putrescence {speed, Str+3 Dex+5}
 59201 | Coc:7    | Got an icy rune of Zot
 59336 | Hell     | Found a gateway to the ashen valley of Gehenna.
 59360 | Geh:1    | Entered Level 1 of Gehenna
 59527 | Geh:3    | Noticed a dread lich
 59531 | Geh:3    | Killed a dread lich
 59652 | Geh:4    | Noticed a dread lich
 59659 | Geh:4    | Killed a dread lich
 59919 | Geh:7    | Entered Level 7 of Gehenna
 60095 | Geh:7    | Reached skill level 27 in Dodging
 60230 | Geh:7    | Killed from afar by a Brimstone Fiend

Illustrated notes

Levels and vault maps discovered:
D:1:      lemuel_arrival_room, layout_basic, minivault_26
D:2:      minmay_chambers_of_ones, layout_loops_ring, serial_shops, shop
D:3:      layout_rooms, amcnicky_altar_gilded, mainiacjoe_overflow_chevrons,
          nicolae_ecumenical_snake_handling, st_stairs_6
D:4:      layout_layer_cave, mainiacjoe_overflow_small_starburst,
          kennysheep_little_box, minitemple
D:5:      layout_loops_ring, nicolae_tso_swordbearing_angel,
          minmay_temple_entry_metal_lava
D:6:      layout_loops_cross, hangedman_decor_opposing
D:7:      layout_basic, lemuel_round_altar, serial_shops, shop, shop, shop,
          nicolae_shop_behind_doors
D:8:      layout_basic, mainiacjoe_overflow_brackets, nicolae_shop_self_help,
          uniq_joseph
D:9:      layout_loops_cross, lemuel_crystal_altar, orc_0_dummy,
          ploomutoo_gammafunk_ghost_potion_laboratory
D:10:     layout_cave_pools, nicolae_wu_jian_wuxing_cycle,
          nicolae_yredelemnul_ghost_church, kennysheep_slug_shrine,
          fedhas_altar_2, serial_shops, shop, biasface_ghost_orc_armoury,
          enter_bailey_3, uniq_snorg
D:11:     layout_roguey, erik_lair_orcish_takeover
D:12:     cheibrodos_fzero, layout_cave_pools, uniq_fannar, uniq_kirke
D:13:     minmay_ornate_pinched, layout_grid_maze,
          nicolae_elyvilon_peaceful_grove
D:14:     layout_cross, david_vaults_3, reono_crystal_passage
D:15:     grunt_enter_depths_giant_problem, layout_loops_ring,
          portal_ice_cave_entry_dragon
Temple:   hellmonk_temple_two_chambers
Lair:1:   layout_gridlike
Lair:2:   layout_cave_pods, spider_nest_entry_webs, minivault_11,
          infiniplex_staircase_pool, grunt_megastairs_4
Lair:3:   layout_regular_city, nicolae_swamp_entry_splash_gauntlet,
          gauntlet_entry_generic
Lair:4:   layout_roguey, grunt_megastairs_5
Lair:5:   minmay_lair_end_enchanted_forest, layout_gridlike,
          nicolae_slime_entry_slimehenge
Swamp:1:  layout_falls_marsh, basic_altar, uniq_louise
Swamp:2:  layout_basic_swamp, nicolae_swamp_little_tower
Swamp:3:  layout_basic_swamp, evilmike_swamp_ruin_house_4, swamp_pool4
Swamp:4:  swamp_basic_johnstein, layout_basic_swamp
Spider:1: layout_spider_delve
Spider:2: layout_cave_pods
Spider:3: layout_spider_delve, uniq_arachne
Spider:4: floodkiller_spider_rune_tomb, nicolae_spider_solar_radiation,
          uniq_mlioglotl
Slime:1:  nicolae_slime_jelly_donut, layout_caves,
          cheibrodos_slime_lost_civilization_4
Slime:2:  layout_caves
Slime:3:  layout_caves
Slime:4:  layout_caves, nicolae_slime_rock_hall_of_fame
Slime:5
Orc:1:    layout_caves
Orc:2:    grunt_orc_cross, layout_caves, serial_shops, bzr_entry_safe,
          shop_statue, shop, nicolae_shop_bloodbath_and_beyond, shop,
          nicolae_volcano_entry_batcave, uniq_azrael, uniq_erolcha,
          uniq_saint_roka
Elf:1:    elf_arrival_002, layout_loops_corners, ebering_ghost_inner_flame,
          minivault_28, uniq_roxanne
Elf:2:    nicolae_elf_blades_crystal_corner, layout_geoelf_octagon, uniq_agnes
Elf:3:    minmay_elf_hall_hex, layout_gridlike, minivault_5
Vaults:1: sword_in_stone, grunt_vaults_funnel, grunt_vaults_bifocal, v_rooms_6,
          dpeg_vaults_monster_row, ontoclasm_vaults_bender,
          hangedman_vaults_nodes, v_rooms_3, hangedman_vaults_stagger,
          v_misc_24, vaults_room_ringed_pool, nicolae_vaults_ring_of_whatevers,
          layout_vaults_maze_snakey, serial_shops, bzr_entry_lakeside,
          uniq_aizul, uniq_donald
Vaults:2: nicolae_vaults_windows_and_doors_thing, grunt_vaults_twisty,
          ontoclasm_vaults_hangar, vaults_standard_mumra_enter_the_diamond,
          v_pattern_4, nicolae_vaults_circle_grid_a, nicolae_vaults_asterisk,
          grunt_vaults_trifunnel, nicolae_vaults_three_branches, v_misc_16,
          special_room_vaults [special_room_orc],
          nicolae_vaults_little_squares_3, layout_vaults_omnibox, serial_shops,
          nicolae_shop_crystal, uniq_sojobo
Vaults:3: v_misc_11, nicolae_vaults_rhombus_7, vaults_dpeg_cross,
          minmay_crypt_entry_simple_corners, nicolae_vaults_holding_cells,
          nicolae_vaults_little_ls, vaults_dpeg_emergency_exit,
          ontoclasm_vaults_eye, layout_vaults_omnigrid, uniq_mennas
Vaults:4: vaults_mumra_chevron_long, v_pattern_5,
          nicolae_vaults_big_angled_halls, hangedman_vaults_cutoff,
          hangedman_vaults_stitches, vaults_room_boxed,
          nicolae_vaults_little_squares_1, v_misc_30,
          grunt_vaults_hallway_short, nicolae_vaults_border_crossing,
          ontoclasm_vaults_hangar, v_misc_8, ontoclasm_vaults_pinch,
          vaults_room_stairs_pillars, layout_vaults_ring, uniq_zenata,
          uniq_margery, uniq_frederick
Vaults:5: serial_shops, uniq_jory, uniq_boris, uniq_xtahua
Crypt:1:  layout_misc_corridors, lemuel_dead_fish_pool
Crypt:2:  layout_misc_corridors, hangedman_crypt_dual_shrines
Crypt:3:  david_glass_crypt, layout_chaotic_city, tomb_entry_shell_bobbens
Depths:1: layout_forbidden_donut, hellmouth_2, enter_trove_0, minmay_st_funbox,
          minmay_stone_trees_medium, nemelex_altar_shiori
Depths:2: minmay_heptahexagon, layout_gridlike, enter_ziggurat_e,
          vehumet_crystals, pf_dread_powers_of_hell, mu_enter_wizlab_6,
          pan_entry, uniq_vv
Depths:3: hangedman_cross_cluster, layout_honeycomb, nicolae_benzene_ring,
          abyss_entry, pf_coc_iceberg, grunt_guarded_unrand_obsidian_axe,
          infiniplex_staircase_split_hallway
Depths:4: grunt_zot_entry_tricorne, layout_gridville, grunt_hell_entry_dis_old,
          pan_entry, hellmonk_ghost_happy_afterlife,
          hangedman_decor_diamond_cutter, serial_shops,
          nicolae_shop_advertising_works [nicolae_subvault_shop_adworks],
          minmay_shop_grove
Hell
Geh:1:    layout_gehenna_lava_caves
Geh:2:    layout_gehenna_pools_triple, nicolae_geh_fourpack
Geh:3:    layout_gehenna_pools_triple
Geh:4:    layout_gehenna_lava_caves, special_room [special_room_morgue]
Geh:5:    layout_gehenna_pools_basic
Geh:6:    layout_gehenna_lava_caves
Geh:7:    geh_hangedman
Coc:1:    nicolae_coc_hellspring, layout_cocytus_water_paths
Coc:2:    layout_cocytus_water_paths
Coc:3:    layout_cocytus_water_paths
Coc:4:    layout_cocytus_delve
Coc:5:    layout_cocytus_delve
Coc:6:    layout_ice_bergs
Coc:7:    coc_hangedman
Tar:1:    layout_catacombs, nicolae_tar_cuneiform_heaven,
          nicolae_hells_hurtin_island
Tar:2:    layout_honeycomb
Tar:3:    layout_grid_maze
Tar:4:    layout_honeycomb
Tar:5:    layout_catacombs
Tar:6:    layout_catacombs
Tar:7:    tar_grunt_cathedral

Skill      XL: |  1  2  3  4  5  6  7  8  9 10 11 12 13 14 15 16 17 18 19 20 21 22 23 24 25 26 27 |
---------------+----------------------------------------------------------------------------------+-----
Long Blades    | 4 5 6 7 10 13 14 17 18 20 23 27 | 27.0
Evocations     | 2 3 4 8 15 16 20 | 20.5
Invocations    | 2 4 5 10 12 14 18 20 27 | 27.0
Fighting       | 6 10 13 15 19 20 27 | 27.0
Armour         | 9 13 17 19 20 | 20.9
Shields        | 4 8 |  8.0
Dodging        | 7 10 12 15 17 20 27 | 27.0
Spellcasting   | 10 | 10.0
Translocations | 12 | 12.0
Transmutations | 4 |  4.0
Earth Magic    | 4 |  4.0
Stealth        | |  2.0

Action                     |  1- 3 |  4- 6 |  7- 9 | 10-12 | 13-15 | 16-18 | 19-21 | 22-24 | 25-27 || total
---------------------------+-------+-------+-------+-------+-------+-------+-------+-------+-------++-------
  Melee: Falchion          |    83 |   158 |    92 |       |       |       |       |       |       ||   333
         Punch             |     1 |     1 |     3 |     2 |       |       |       |       |       ||     7
         Scimitar          |       |       |    74 |   496 |   850 |   776 |  1418 |  1517 |  1567 ||  6698
         Long sword        |       |       |    17 |       |       |       |       |       |       ||    17
         Unarmed           |       |       |       |       |       |     2 |       |       |       ||     2
         Eudemon blade     |       |       |       |       |       |       |       |       |  2716 ||  2716
         Double sword      |       |       |       |       |       |       |       |       |   362 ||   362
  Throw: Boomerang         |       |     1 |       |       |       |       |       |       |       ||     1
         Throwing net      |       |       |       |       |       |       |       |       |     1 ||     1
   Cast: Lesser Beckoning  |       |       |       |       |       |       |       |       |    72 ||    72
         Apportation       |       |       |       |       |       |       |       |       |     8 ||     8
         Passwall          |       |       |       |       |       |       |       |       |     1 ||     1
 Invoke: Purification      |       |       |     1 |     4 |    11 |     6 |     5 |     6 |       ||    33
         Heal Self         |       |       |       |    15 |    24 |     5 |    15 |    12 |       ||    71
         Heal Other        |       |       |       |       |     9 |     1 |     9 |    15 |       ||    34
         Divine Vigour     |       |       |       |       |     1 |       |       |       |       ||     1
         Divine Shield     |       |       |       |       |       |       |       |       |    69 ||    69
         Cleansing Flame   |       |       |       |       |       |       |       |       |   283 ||   283
         Brand Weapon With |       |       |       |       |       |       |       |       |     1 ||     1
  Evoke: Wand              |       |     5 |    18 |    38 |     6 |    12 |    26 |    37 |    59 ||   201
         Tin of tremorston |       |       |       |       |       |       |     6 |     9 |    16 ||    31
         Lightning rod     |       |       |       |       |       |       |     4 |     9 |     6 ||    19
         Phantom mirror    |       |       |       |       |       |       |     1 |     3 |     7 ||    11
         Box of beasts     |       |       |       |       |       |       |       |     2 |     5 ||     7
         Piece from Xom's  |       |       |       |       |       |       |       |       |     1 ||     1
    Use: Scroll            |     3 |     3 |     9 |     8 |    12 |     7 |     2 |    14 |    42 ||   100
         Potion            |       |       |     4 |     2 |     2 |    11 |     2 |     8 |    29 ||    58
   Stab: Sleeping          |     1 |     4 |     1 |     1 |       |       |       |     1 |     2 ||    10
         Distracted        |       |       |       |     2 |     3 |     2 |       |    12 |     1 ||    20
         Invisible         |       |       |       |       |    17 |     5 |    65 |    39 |       ||   126
         Confused          |       |       |       |       |       |       |     1 |       |       ||     1
 Armour: Ring mail         |    20 |    65 |    52 |       |       |       |       |       |       ||   137
         Leather armour    |       |       |    17 |   185 |       |       |       |       |       ||   202
         Chain mail        |       |       |       |    14 |   338 |   343 |   535 |       |       ||  1230
         Plate armour      |       |       |       |       |       |       |   155 |   338 |       ||   493
         Troll leather arm |       |       |       |       |       |       |       |    82 |   594 ||   676
         Pearl dragon scal |       |       |       |       |       |       |       |       |   532 ||   532
  Dodge: Dodged            |    52 |    73 |   104 |   356 |   532 |   451 |  1345 |  1205 |  3720 ||  7838
  Block: Buckler           |       |       |       |    22 |   355 |   352 |   737 |   567 |  3599 ||  5632

Table legend: (Time is in decaauts)
 A = Elapsed time spent in this place.
 B = Non-inter-level travel time spent in this place.
 C = Inter-level travel time spent in this place.
 D = Time resting spent in this place.
 E = Time spent auto-exploring this place.
 F = Levels seen in this place.
 G = Mean time per level.
                   A        B        C        D        E       F      G
               +--------+--------+--------+--------+--------+-----+--------+
         Total |  58125 |  53275 |   4850 |   4076 |  22112 | 102 |  569.9 |
       Dungeon |  13920 |  12023 |   1897 |    644 |   6443 |  15 |  928.0 |
        Temple |     20 |     20 |      0 |      0 |     11 |   1 |   20.0 |
          Lair |   5115 |   4197 |    918 |    173 |   2465 |   5 | 1023.0 |
         Swamp |   2603 |   2334 |    269 |    263 |    912 |   4 |  650.8 |
   Spider Nest |   3578 |   3287 |    291 |    437 |    960 |   4 |  894.5 |
    Slime Pits |    566 |    558 |      8 |     46 |      0 |   5 |  113.2 |
  Orcish Mines |   2302 |   2110 |    192 |    368 |   1040 |   2 | 1151.0 |
   Elven Halls |   3286 |   2977 |    309 |    172 |   1528 |   3 | 1095.3 |
        Vaults |   6963 |   6645 |    318 |    728 |   3567 |   5 | 1392.6 |
         Crypt |   2544 |   2400 |    144 |     13 |   1449 |   3 |  848.0 |
        Depths |   5013 |   4617 |    396 |    240 |   2296 |   4 | 1253.2 |
          Hell |    264 |    263 |      1 |      0 |      0 |   1 |  264.0 |
       Gehenna |    768 |    755 |     13 |      3 |      0 |   7 |  109.7 |
       Cocytus |   1146 |   1122 |     24 |    254 |      0 |   7 |  163.7 |
      Tartarus |    977 |    912 |     65 |      4 |      0 |   7 |  139.6 |
         Abyss |   1088 |   1088 |      0 |     85 |      0 |   3 |  362.7 |
   Pandemonium |   4748 |   4748 |      0 |    304 |    470 |  19 |  249.9 |
        Bazaar |    131 |    131 |      0 |      0 |     75 |   2 |   65.5 |
         Trove |     50 |     50 |      0 |      0 |      0 |   1 |   50.0 |
        Bailey |    688 |    688 |      0 |     83 |    417 |   1 |  688.0 |
      Ice Cave |    541 |    541 |      0 |    102 |    161 |   1 |  541.0 |
        Wizlab |   1370 |   1370 |      0 |    103 |    150 |   1 | 1370.0 |
      Gauntlet |    437 |    437 |      0 |     50 |    166 |   1 |  437.0 |
               +--------+--------+--------+--------+--------+-----+--------+

Top non-repeatable levels by time:
Vaults:4: 1888 daAuts
Depths:3: 1783 daAuts
Vaults:3: 1653 daAuts
   Orc:2: 1553 daAuts
Depths:2: 1536 daAuts
Spider:4: 1376 daAuts
  WizLab: 1370 daAuts
    D:13: 1305 daAuts
Vaults:2: 1291 daAuts
     D:9: 1274 daAuts
Vaults:1: 1273 daAuts
  Lair:2: 1272 daAuts
   Elf:3: 1217 daAuts
  Lair:1: 1209 daAuts
   Elf:1: 1197 daAuts
